 Dungeon Crawl Stone Soup version 0.31-a0-925-g0a390f2509 (webtiles) character file.

Game seed: 6474117736644362783

79 Dordric the Shooter (level 4, -1/26 HPs)
             Began as a Tengu Hunter on Oct 18, 2023.
             Slain by an orc
             ... wielding a +0 whip
              (3 damage)
             ... on level 2 of the Dungeon.
             The game lasted 00:01:53 (1681 turns).

Dordric the Shooter (Tengu Hunter)                  Turns: 1681, Time: 00:01:53

Health: -1/26      AC:  3    Str: 11    XL:     4   Next: 37%
Magic:  14/14      EV: 12    Int: 10    God:
Gold:   146        SH:  0    Dex: 19    Spells: 1/3 levels left

rFire   . . .        a - +0 shortbow
rCold   . . .        (shield currently unavailable)
rNeg    . . .        c - +0 leather armour
rPois   .            (helmet restricted)
rElec   .            (no cloak)
rCorr   .            (no gloves)
SInv    .            (boots unavailable)
Will    .....        (no amulet)
Stlth   ++           d - ring of magical power
HPRegen 0.24/turn    (no ring)
MPRegen 0.14/turn

%: acrobat
@: no status effects
A: beak, talons 3, acrobatic
a: no special abilities


You were on level 2 of the Dungeon.
You visited 1 branch of the dungeon, and saw 3 of its levels.

You collected 146 gold pieces.

Inventory:

Hand Weapons
 a - a +0 shortbow (weapon)
Armour
 c - a +0 leather armour (worn)
Jewellery
 d - a ring of magical power (left hand)
 m - a ring of fire
Scrolls
 b - a scroll of butterflies
 e - a scroll of revelation {unknown}
 f - 2 scrolls of enchant armour {unknown}
 g - a scroll of identify {unknown}
 k - a scroll of fog {unknown}
Potions
 h - 4 potions of curing {unknown}
 i - 2 potions of might {unknown}
 j - a potion of haste {unknown}
 l - a potion of mutation {unknown}
 n - a potion of resistance {unknown}
 o - a potion of degeneration {unknown}


   Skills:
 - Level 2.0 Fighting
 + Level 6.0 Ranged Weapons
 - Level 2.1 Dodging
 - Level 1.0 Stealth
 + Level 1.1 Transmutations


You had one spell level left.
You knew the following spells:

 Your Spells              Type           Power      Damage    Failure   Level
a - Wereblood             Tmut           2%         N/A       43%         2

Your spell library contained the following spells:

 Spells                   Type           Power      Damage    Failure   Level
 Apportation              Tloc           0%         N/A       45%         1
 Necrotise                Necr           0%         1d4       45%         1
 Summon Small Mammal      Summ           0%         N/A       45%         1
 Lesser Beckoning         Tloc           0%         N/A       58%         2
 Gell's Gravitas          Tloc           0%         N/A       83%         3
 Teleport Other           Tloc           0%         N/A       83%         3
 Irradiate                Conj/Tmut      0%         3d11      100%        5


Dungeon Overview and Level Annotations

Branches:
Dungeon (3/15)

Altars:


Innate Abilities, Weirdness & Mutations

You have a beak for a mouth.
You have claws for feet.
You can magically evade attacks while moving or waiting.


Message History

The ball python hisses angrily.
The orc priest shouts!
The orc shouts!
The hobgoblin shouts!
You hear a shout!
You hear an angry hiss.
The hobgoblin moves out of view.
There are monsters nearby!
You shoot an arrow. The arrow hits the ball python.
You kill the ball python!
An orc comes into view. It is wielding a +0 hand axe.
Fire: a) +0 shortbow
Press: ? - help, Q - select action Shift-Dir - straight line, f - orc priest
Aim: an orc priest, wielding a +0 short sword and wearing a +0 ring mail (69% to hit)
You shoot an arrow.
The arrow hits the orc priest but does no damage.
The orc priest calls down the wrath of Beogh upon you.
Beogh smites you!
Ouch! That really hurt!
The orc priest calls down the wrath of Beogh upon you.
Beogh smites you!
* * * LOW HITPOINT WARNING * * *
The orc attacks as it pursues you! The orc misses you.
The orc attacks as it pursues you! The orc completely misses you.
An orc comes into view. It is wielding a +0 dagger.
The orc priest looks encouraged for a moment.
There is a stone staircase leading up here.
The orc misses you.
You climb upwards.
There is a stone staircase leading down here.
You shoot an arrow.
The arrow hits the orc but does no damage.
The orc closely misses you.
You shoot an arrow. The arrow closely misses the orc.
The orc misses you.
You shoot an arrow. The arrow closely misses the orc.
The orc hits you with a +0 whip.
* * * LOW HITPOINT WARNING * * *
You shoot an arrow.
The arrow hits the orc but does no damage.
The orc closely misses you.
You shoot an arrow.
The arrow hits the orc but does no damage.
The orc hits you with a +0 whip.
You die...

..#.#......## #..........#
.##.#.#..#..#####..........##
.#....#.###.....#......§....###
##..#...#
####........._§.....###
#.....## ##.##.(.....§§.......
##....## #..##....[.§.§.......
...#### ##.###................
.#.# #..###..######........
...# ##.#..@o## #........ ####
###..#.#### #........ #
#...##.# #........ ## ##.##.[.#
##....... .# #..#..### ##......
.# ###.#..## #######
.#####.....## .....†....##
.......####


You could see an orc.

Vanquished Creatures
  2 adders (D:2)
  2 dart slugs (D:1)
  4 worms (D:2)
  4 endoplasms
  3 giant cockroaches (D:1)
  4 goblins (D:2)
  3 hobgoblins (D:1)
  2 jackals (D:2)
  4 quokkas
  5 ball pythons
  4 frilled lizards
  4 kobolds
  4 rats
45 creatures vanquished.

Notes
Turn   | Place    | Note
-------+----------+-------------------------------------------
     0 | D:1      | Dordric the Tengu Hunter began the quest for the Orb.
     0 | D:1      | Reached XP level 1. HP: 12/12 MP: 2/2
   220 | D:1      | Reached XP level 2. HP: 17/17 MP: 3/3
   285 | D:1      | Reached skill level 5 in Ranged Weapons
   607 | D:1      | Reached XP level 3. HP: 21/21 MP: 4/4
  1048 | D:2      | Learned a level 2 spell: Wereblood
  1098 | D:2      | Found a faded altar of an unknown god.
  1315 | D:2      | Reached skill level 1 in Transmutations
  1315 | D:2      | Reached XP level 4. HP: 19/26 MP: 5/5
  1432 | D:2      | Identified the +0 hand axe "Impslayer" {heavy, rPois Str+3
                  | Dex+3}
  1648 | D:3      | Reached skill level 6 in Ranged Weapons
  1681 | D:2      | Slain by an orc

Illustrated notes

Levels and vault maps discovered:
D:1:      erik_arrival_cave_to_civilisation [erik_arrival_cave_to_hall],
          layout_basic
D:2:      layout_rooms, ebering_ecumenical_altar_mist
D:3:      layout_basic, mainiacjoe_overflow_24_doors,
          mainiacjoe_overflow_six_doors_small

Skill      XL: |  1  2  3  4 |
---------------+-------------+-----
Ranged Weapons | 5 6 |  6.0
Transmutations | 1 |  1.1
Fighting       | |  2.0
Dodging        | |  2.1
Stealth        | |  1.0

Action                     |  1- 3 |  4- 6 || total
---------------------------+-------+-------++-------
   Fire: Shortbow          |    94 |    39 ||   133
 Armour: Leather armour    |    14 |     5 ||    19
  Dodge: Dodged            |    17 |     9 ||    26

Table legend: (Time is in decaauts)
 A = Elapsed time spent in this place.
 B = Non-inter-level travel time spent in this place.
 C = Inter-level travel time spent in this place.
 D = Time resting spent in this place.
 E = Time spent auto-exploring this place.
 F = Levels seen in this place.
 G = Mean time per level.
                   A        B        C        D        E       F      G
               +--------+--------+--------+--------+--------+-----+--------+
         Total |   1702 |   1639 |     63 |     47 |   1339 |   3 |  567.3 |
       Dungeon |   1702 |   1639 |     63 |     47 |   1339 |   3 |  567.3 |
               +--------+--------+--------+--------+--------+-----+--------+

Top non-repeatable levels by time:
     D:1: 970 daAuts
     D:2: 698 daAuts
     D:3: 33 daAuts
